 Dungeon Crawl Stone Soup version 0.20-a0-555-gf6ae02d (webtiles) character file.

436 Kwzr the Magician (level 6, -3/41 HPs)
             Began as a Mummy Summoner on Feb 7, 2017.
             Was an Initiate of Kikubaaqudgha.
             Slain by an orc warrior
             ... wielding a cursed -1 short sword
              (17 damage)
             ... on level 6 of the Dungeon.
             The game lasted 00:29:20 (4122 turns).

Kwzr the Magician (Mummy Summoner)                  Turns: 4122, Time: 00:29:22

Health: -3/41      AC:  5    Str: 12    XL:     6   Next: 68%
Magic:  5/14       EV: 12    Int: 16    God:    Kikubaaqudgha [......]
Gold:   159        SH:  0    Dex: 12    Spells: 7/16 levels left

rFire    . . .     SeeInvis .   o - +5 spear "Nodaelod" {pierce, rF+}
rCold    + . .     Gourm    .   e - +0 leather armour
rNeg     + + +     Faith    .   (no shield)
rPois    ∞         Spirit   .   (no helmet)
rElec    .         Reflect  .   (no cloak)
rCorr    .         Harm     .   m - +0 pair of gloves
MR       .....                  g - +0 pair of boots
Stlth    ++........             f - amulet of regeneration
Regen    0.6/turn               c - ring of stealth
                                (no ring)

@: no status effects
A: no food or potions, fire vulnerability, cold resistance 1, negative energy
resistance 3, torment resistance, unbreathing
a: Renounce Religion


You were on level 6 of the Dungeon.
You worshipped Kikubaaqudgha.
Kikubaaqudgha was noncommittal.
You were not hungry.

You visited 2 branches of the dungeon, and saw 7 of its levels.

You collected 159 gold pieces.

Inventory:

Hand Weapons
 a - a +2 dagger of venom
 n - a +1 trident of protection
 o - the +5 spear "Nodaelod" (weapon) {pierce, rF+}
   (You found it on level 5 of the Dungeon)

   It inflicts extra damage upon your enemies.
   It protects you from fire.
Missiles
 j - 11 poisoned needles
 k - 5 javelins (quivered)
 l - an arrow
Armour
 e - a +0 leather armour (worn)
 g - a +0 pair of boots (worn)
 m - a +0 pair of gloves (worn)
Jewellery
 c - a ring of stealth (right hand)
 f - an amulet of regeneration (around neck)
Wands
 h - a wand of lightning (12/15)
Scrolls
 i - 3 scrolls of identify
 p - a scroll of teleportation {unknown}
 q - a scroll of immolation {unknown}
 r - a scroll of fog {unknown}
 s - a scroll of random uselessness {unknown}
Books
 b - a book of Callings

   Spells                             Type                      Level
   a - Summon Small Mammal            Summoning                    1
   b - Call Imp                       Summoning                    2
   c - Call Canine Familiar           Summoning                    3
   d - Summon Guardian Golem          Hexes/Summoning              3
   e - Summon Lightning Spire         Summoning/Air                4
   f - Summon Ice Beast               Ice/Summoning                4
 d - a book of Misfortune

   Spells                             Type                      Level
   a - Confusing Touch                Hexes                        1
   b - Confuse                        Hexes                        3
   c - Gell's Gravitas                Hexes/Translocation          3
   d - Petrify                        Transmutation/Earth          4
   e - Metabolic Englaciation         Hexes/Ice                    5
   f - Yara's Violent Unravelling     Hexes/Transmutation          5


   Skills:
 + Level 3.0 Dodging
 - Level 1.5 Stealth
 * Level 5.7 Spellcasting
 * Level 4.6 Summonings
 + Level 1.1 Necromancy
 + Level 0.8 Air Magic


You had 7 spell levels left.
You knew the following spells:

 Your Spells              Type           Power        Failure   Level  Hunger
a - Call Canine Familiar  Summ           ###.....     10%         3    N/A
x - Summon Lightning Spi  Summ/Air       ##......     65%         4    N/A
z - Call Imp              Summ           ###.....     4%          2    N/A

Dungeon Overview and Level Annotations

Branches:
Dungeon (6/15)             Temple (1/1) D:4

Altars:
Ashenzari
Cheibriados
Kikubaaqudgha
The Shining One

Annotations:
D:5 Blork the orc


Innate Abilities, Weirdness & Mutations

You do not eat or drink.
Your flesh is vulnerable to fire.
You are immune to poison.
Your flesh is cold resistant. (rC+)
You are immune to negative energy. (rN+++)
You are immune to unholy pain and torment.
You can survive without breathing.


Message History

Your hound barely misses the orc warrior.
The orc throws a tomahawk.
The tomahawk barely misses your hound. The tomahawk misses you.
Your hound completely misses the orc warrior.
Your hound closely misses the orc warrior.
You enter the shallow water.
Moving in this stuff is going to be slow.
Your hound barely misses the orc warrior.
The orc warrior hits you but does no damage.
Your hound bites the orc warrior.
Your hound misses the orc warrior.
Your hound bites the orc warrior but does no damage.
Your hound closely misses the orc warrior.
Casting: Call Canine Familiar
Confirm with . or Enter, or press ? or * to list all spells.
A beastly little devil appears in a puff of frigid air.
Your hound bites the orc warrior.
The orc warrior hits you with a short sword!
You die...
Kikubaaqudgha rasps: "You have failed me!
Welcome... oblivion!"

#+#+# #.#.#############.#
#.#.(.............#
#............##
#.((.##≈#.o...#
#.(###≈≈##≈...#####
#.)≈≈≈≈#≈≈#..ho@..#
#)##≈#≈≈≈≈#≈.####5####.#
##.#≈≈≈≈≈≈#≈≈...#.......#
#..≈≈≈≈≈≈≈≈≈#...#..####.#
#..##≈#≈#≈≈##.......<#
#...#≈≈≈≈≈≈#...##..###
....##≈≈≈#≈#.......#
##....####........##
##............#####


You could see an orc warrior, an orc, a friendly hound and a friendly white imp.

Vanquished Creatures
  A vampire bat (D:3)
  3 adders
  A shadow imp (D:5)
  An ooze (D:2)
  A dart slug (D:3)
  2 leopard geckos (D:4)
  5 orcs
  3 ball pythons
  A bat skeleton (D:3)
  2 bat zombies (D:3)
  3 giant cockroaches
  2 goblins
  3 hobgoblins
  A kobold (D:3)
  A quokka (D:3)
  4 bats (D:1)
  2 frilled lizards
  A leopard gecko skeleton (D:4)
  2 rats
39 creatures vanquished.

Vanquished Creatures (collateral kills)
  Edmund (D:4)
  2 vampire bats (D:3)
  A hound (D:5)
  An orc priest (D:6)
  Ijyb (D:2)
  2 worker ants (D:4)
  Natasha (twice) (D:4 D:5)
  8 adders
  5 worms
  2 dart slugs
  A leopard gecko (D:1)
  7 orcs
  3 bat zombies (D:3)
  A giant cockroach (D:1)
  4 goblins
  5 hobgoblins
  3 jackals (D:1)
  3 kobolds
  A ball python (D:2)
  4 bats
  A frilled lizard (D:2)
  2 rats
60 creatures vanquished.

Grand Total: 99 creatures vanquished

Notes
Turn   | Place    | Note
-------+----------+-------------------------------------------
     0 | D:1      | Kwzr the Mummy Summoner began the quest for the Orb.
     0 | D:1      | Reached XP level 1. HP: 13/13 MP: 4/4
   478 | D:1      | Reached XP level 2. HP: 14/19 MP: 2/5
   489 | D:1      | Learned a level 2 spell: Call Imp
   787 | D:1      | Reached skill level 3 in Spellcasting
  1194 | D:2      | Reached XP level 3. HP: 24/24 MP: 0/7
  1899 | D:2      | Found a snail-covered altar of Cheibriados.
  1991 | D:2      | Reached XP level 4. HP: 30/30 MP: 9/9
  2069 | D:2      | Noticed Ijyb
  2111 | D:2      | Killed Ijyb
  2111 | D:2      | Reached skill level 4 in Spellcasting
  2544 | D:3      | Found an ancient bone altar of Kikubaaqudgha.
  2547 | D:3      | Reached XP level 5. HP: 35/35 MP: 3/11
  2561 | D:3      | Became a worshipper of Kikubaaqudgha
  2708 | D:3      | Learned a level 3 spell: Call Canine Familiar
  2943 | D:4      | Noticed Edmund
  3148 | D:4      | Learned a level 4 spell: Summon Lightning Spire
  3160 | D:4      | Found a shattered altar of Ashenzari.
  3192 | D:4      | Reached skill level 5 in Spellcasting
  3214 | D:4      | Killed Edmund
  3214 | D:4      | Reached XP level 6. HP: 40/41 MP: 6/13
  3230 | D:4      | Found a glowing golden altar of the Shining One.
  3238 | D:4      | Found a staircase to the Ecumenical Temple.
  3255 | Temple   | Entered the Ecumenical Temple
  3301 | D:4      | Noticed Natasha
  3309 | D:4      | Killed Natasha
  3404 | D:4      | Reached skill level 1 in Necromancy
  3847 | D:5      | Entered Level 5 of the Dungeon
  3875 | D:5      | Noticed Natasha
  3885 | D:5      | Killed Natasha
  3949 | D:5      | Got a crude spear
  3952 | D:5      | Identified the +5 spear "Nodaelod" {pierce, rF+} (You found it on level 5 of the Dungeon)
  4003 | D:5      | Noticed Blork the orc
  4070 | D:6      | Noticed an orc warrior
  4122 | D:6      | Slain by an orc warrior

Vault maps used:
D:1:      matt_arrival_spirals
D:2:      lemuel_doored_altar, minivault_23, uniq_iyjb
D:3:      kennysheep_vampire_church
D:4:      ashenzari_conservatory_becter, tso_metal_star,
          minmay_temple_entry_statues, hangedman_decor_clover_reticule,
          uniq_edmund, uniq_natasha
D:5:      lemuel_ice_spiral_2, tgw_trog, basic_altar, first_bread,
          gup_sewer_entry_spiral, uniq_duvessa, uniq_blork_the_orc
D:6:      serial_shops, nicolae_shop_waterfront, kennysheep_another_room,
          minivault_4, elyvilon_altar_4
Temple:   jpeg_temple_alley_garden

Skill      XL: |  1  2  3  4  5  6 |
---------------+-------------------+-----
Spellcasting   | 3 4 5 |  5.7
Dodging        | 2 3 |  3.0
Summonings     | 4 |  4.6
Necromancy     | 1 |  1.1
Stealth        | |  1.5
Air Magic      | |  0.8

Action                   |  1- 3 |  4- 6 || total
-------------------------+-------+-------++-------
Melee: Unarmed           |     9 |       ||     9
       Club              |    15 |       ||    15
       Short sword       |    58 |    44 ||   102
       Trident           |       |   101 ||   101
       Long sword        |       |     4 ||     4
       Spear             |       |    13 ||    13
Throw: Javelin           |       |     9 ||     9
 Cast: Summon Small Mamm |    16 |       ||    16
       Call Imp          |    21 |    41 ||    62
       Call Canine Famil |       |    12 ||    12
  Use: Scroll            |     3 |     1 ||     4
 Stab: Sleeping          |     1 |     4 ||     5
       Distracted        |     1 |     3 ||     4
Armor: Robe              |     7 |       ||     7
       Leather armour    |    17 |    74 ||    91
Dodge: Dodged            |    75 |   103 ||   178
       Rpst.: Long sword |       |     1 ||     1
